 Dungeon Crawl Stone Soup version 0.16.1-4-g8e1b745 (console) character file.

4 gw the Charlatan (level 1, -7/11 HPs)
             Began as a Deep Elf Artificer on Mar 28, 2015.
             Mangled by a gnoll
             ... wielding a +0 flail
              (11 damage)
             ... on level 3 of the Dungeon.
             The game lasted 00:00:16 (190 turns).

gw the Charlatan (Deep Elf Artificer)                Turns: 190, Time: 00:00:16

Health: -7/11      AC:  3    Str:  8    XL:     1   Next: 58%
Magic:  2/2        EV: 12    Int: 16    God:
Gold:   26         SH:  0    Dex: 15    Spells: 0 memorised, 0 levels left

rFire  . . .     SeeInvis .     a - +0 short sword
rCold  . . .     Clarity  .     e - +0 leather armour
rNeg   . . .     SustAb   .     (no shield)
rPois  .         Gourm    .     (no helmet)
rElec  .         Spirit   .     (no cloak)
rCorr  .         Warding  .     (no gloves)
rMut   .         Stasis   .     (no boots)
MR     .....                    (no amulet)
Stlth  ++........               (no ring)
                                (no ring)

@: not resistant to hostile enchantments, unstealthy
A: no striking features
a: no special abilities


You were on level 3 of the Dungeon.
You were not hungry.

You visited 1 branch of the dungeon, and saw 3 of its levels.

You collected 26 gold pieces.

Inventory:

Hand weapons
 a - a +0 short sword (weapon)
Armour
 e - a +0 leather armour (worn)
Magical devices
 b - a wand of flame (12)
 c - a wand of enslavement (14)
 d - a wand of random effects (15)
Comestibles
 f - a bread ration


   Skills:
 + Level 0.8 Fighting
 * Level 1.4 Short Blades
 + Level 2.6 Dodging
 - Level 1.2 Stealth
 - Level 3.2 Evocations


You couldn't memorise any spells.
You didn't know any spells.

Dungeon Overview and Level Annotations

Branches:
Dungeon (3/15)

Altars:
Kikubaaqudgha


Message History

A gnoll comes into view. It is wielding a flail.
Unknown command.
Unknown command.
Unknown command.
Unknown command.
MOVING TO (-7,0) Unknown command.
Unknown command.
Unknown command.
MOVING TO (-6,1)
The gnoll barely misses you.
Unknown command.
Unknown command.
Unknown command.
MOVING TO (-5,1)
The gnoll hits you with a whip!
Ouch! That really hurt!
The gnoll hits you with a flail!
Ouch! That really hurt!
You die...

..# . #.# . #.#
.###.# . ..#.# ..
#.#.#####.# .#.
#.#.......#
......#gg....#
#.....eg..<#
#....##.............#
.. #.#...########
#........ #.##......#
#. ##....# #. ##..##
#[ ####


You could see 2 gnolls and a friendly gnoll.

Table legend:
 A = Turns spent in this place as a percentage of turns spent in the entire game.
 B = Non-inter-level travel turns spent in this place as a percentage of non-inter-level travel turns spent in the entire game.
 C = Inter-level travel turns spent in this place as a percentage of turns spent in this place.
 D = Turns resting spent in this place as a percentage of non-inter-level travel turns spent in this place.
 E = Turns spent auto-exploring this place as a percentage of non-inter-level travel turns spent in this place.
 F = Non-inter-level travel turns spent in this place divided by the number of levels of this place that you've seen.
                   A       B       C       D       E      F
               +-------+-------+-------+-------+-------+----------------------
         Total | 100.0 | 100.0 |   1.9 |   0.6 |   0.8 | 119.3
       Dungeon | 100.0 | 100.0 |   1.9 |   0.6 |   0.8 | 119.3
               +-------+-------+-------+-------+-------+----------------------

Table legend:
 A = Kills in this place as a percentage of kills in entire the game.
 B = Kills by you in this place as a percentage of kills by you in the entire game.
 C = Kills by friends in this place as a percentage of kills by friends in the entire game.
 D = Other kills in this place as a percentage of other kills in the entire game.
 E = Experience gained in this place as a percentage of experience gained in the entire game.
 F = Experience gained in this place divided by the number of levels of this place that you have seen.
                   A       B       C       D       E      F
               +-------+-------+-------+-------+-------+----------------------
         Total | 100.0 | 100.0 |  -nan |  -nan | 100.0 |   2.3
       Dungeon | 100.0 | 100.0 |  -nan |  -nan | 100.0 |   2.3
               +-------+-------+-------+-------+-------+----------------------

Vanquished Creatures
  A hobgoblin (D:1)
  A bat (D:2)
  A giant cockroach (D:1)
  2 goblins (D:2)
5 creatures vanquished.

Notes
Turn   | Place    | Note
--------------------------------------------------------------
     0 | D:1      | gw, the Deep Elf Artificer, began the quest for the Orb.
     0 | D:1      | Reached XP level 1. HP: 11/11 MP: 2/2
    59 | D:2      | Found an ancient bone altar of Kikubaaqudgha.
   190 | D:3      | Mangled by a gnoll

Action                   || total
-------------------------++-------
Melee: Short sword       ||    17
Evoke: Wand              ||     4
 Stab: Sleeping          ||     1

Vault maps used:
D:1:      dpeg_arrival_concentric_ovals, corner_web_ring, roderic_lattice_a
D:2:      overflow_temple_1_default, uniq_sigmund
D:3:      first_bread, minmay_liquid_box, minivault_19
